 Dungeon Crawl Stone Soup version 0.26-a0-931-g326f72de0d (webtiles) character file.

Game seed: 17798253548083815219

4 mg7810 the Skirmisher (level 1, -3/19 HPs)
             Began as a Draconian Chaos Knight on Nov 26, 2020.
             Was a Plaything of Xom.
             Killed from afar by a dart slug (8 damage)
             ... with a slug dart
             ... on level 1 of the Dungeon.
             The game lasted 00:01:37 (238 turns).

mg7810 the Skirmisher (Draconian Chaos Knight)       Turns: 238, Time: 00:01:37

Health: -3/19      AC:  4    Str: 14    XL:     1   Next: 58%
Magic:  1/1        EV: 12    Int: 12    God:    Xom [..*...]
Gold:   0          SH:  0    Dex: 10    Spells: 0/0 levels left

rFire    . . .     SeeInvis .   a - +0 falchion (chaos)
rCold    . . .     Faith    .   (no shield)
rNeg     . . .     Spirit   .   (armour unavailable)
rPois    .         Reflect  .   (helmet restricted)
rElec    .         Harm     .   (no cloak)
rCorr    .         Rampage  .   (no gloves)
MR       .....                  (no boots)
Stlth    +.........             (no amulet)
HPRegen  0.06/turn              (no ring)
MPRegen  0.07/turn              (no ring)

@: no status effects
A: unfitting armour, cold-blooded, AC +4
a: Renounce Religion


You were on level 1 of the Dungeon.
You worshipped Xom.
You were a toy of Xom.
You visited 1 branch of the dungeon, and saw 1 of its levels.

Inventory:

Hand Weapons
 a - a +0 falchion of chaos (weapon)


   Skills:
 + Level 3.3 Fighting
 + Level 3.1 Long Blades
 * Level 2.2 Dodging
 * Level 0.1 Stealth
 * Level 0.1 Unarmed Combat


You couldn't memorise any spells.
You didn't know any spells.
Your spell library was empty.

Dungeon Overview and Level Annotations

Branches:
Dungeon (1/15)

Altars:


Innate Abilities, Weirdness & Mutations

Your plain brown scales are hard. (AC +4)
You cannot fit into any form of body armour.
You are cold-blooded and may be slowed by cold attacks.


Message History

You barely miss the jackal.
The jackal is severely wounded.
The jackal bites you but does no damage.
The jackal bites you.
* * * LOW HITPOINT WARNING * * *
You hit the jackal. You freeze the jackal.
You kill the jackal!
A frilled lizard comes into view.
You hit the dart slug.
The dart slug is moving more slowly.
The dart slug is lightly wounded.
The leopard gecko barely misses you.
A giant cockroach comes into view.
A goblin comes into view. It is wielding a +0 dagger.
The leopard gecko barely misses you.
You slash the dart slug!
The dart slug is poisoned.
The dart slug is heavily wounded.
The dart slug launches a dart at you. The slug dart hits you!
You die...
Xom thinks this is hilarious!

#.....≈≈≈≈≈≈≈≈≈≈≈ #
......≈≈≈≈≈≈≈≈≈≈≈
.##....≈≈≈#'#'#≈≈≈ .
......≈≈≈'...##'# B#
#....≈≈≈'...'... g.
#....≈≈≈#'###.## #.
#.....≈≈≈≈#...#.
#.###...⌠..≈≈≈'.⌠.')
#hl@w...⌠..≈≈≈'.⌠.'.
#####.....≈≈≈≈#...#.
#....≈≈≈#'#'#.##
##...≈≈≈(..(#...
#...≈≈≈'...##'#
#...≈≈≈#+#'#≈≈≈
....≈≈≈≈ ≈≈≈≈≈≈
....≈≈≈≈≈≈≈≈≈≈≈
....≈≈≈≈≈≈≈≈≈≈≈


You could see a dart slug (petrifying, very poisoned), a leopard gecko, a
jackal, a giant cockroach and a goblin.

Vanquished Creatures
  A bat (D:1)
  A hobgoblin (D:1)
  A jackal (D:1)
  A frilled lizard (D:1)
4 creatures vanquished.

Notes
Turn   | Place    | Note
-------+----------+-------------------------------------------
     0 | D:1      | mg7810 the Draconian Chaos Knight began the quest for the
                  | Orb.
     0 | D:1      | Reached XP level 1. HP: 19/19 MP: 1/1
   238 | D:1      | Killed from afar by a dart slug

Illustrated notes

Levels and vault maps discovered:
D:1:      dpeg_arrival_castle, layout_rooms, minmay_tall_x

Action                   || total
-------------------------++-------
Melee: Falchion          ||    13
       Tailslap          ||     1
Armor: Skin              ||    11
Dodge: Dodged            ||    15
       Rpst.: Falchion   ||     4

Table legend: (Time is in decaauts)
 A = Elapsed time spent in this place.
 B = Non-inter-level travel time spent in this place.
 C = Inter-level travel time spent in this place.
 D = Time resting spent in this place.
 E = Time spent auto-exploring this place.
 F = Levels seen in this place.
 G = Mean time per level.
                   A        B        C        D        E       F      G
               +--------+--------+--------+--------+--------+-----+--------+
         Total |    241 |    241 |      0 |      0 |     20 |   1 |  241.0 |
       Dungeon |    241 |    241 |      0 |      0 |     20 |   1 |  241.0 |
               +--------+--------+--------+--------+--------+-----+--------+

Top non-repeatable levels by time:
     D:1: 241 daAuts
